[Event "*** Titled Tuesday Blitz"]
[Site "Chess.com"]
[Date "2020.03.03"]
[Round "3"]
[White "gmasterkiller"]
[Black "iturrizaga"]
[Result "0-1"]
[WhiteElo "2634"]
[BlackElo "2942"]
[TimeControl "180+1"]
[EndTime "13:30:46 PST"]
[Termination "iturrizaga won on time"]

1. e4 c5 2. Nf3 e6 3. c3 Nf6 4. e5 Nd5 5. Bc4 Nc6 6. O-O Nb6 7.
Bb3 d5 8. d4 cxd4 9. cxd4 Be7 10. Nc3 Bd7 11. Re1 Rc8 12. Ne2 Qc7 13. Bd2 Nc4 14.
Bc3 b5 15. a3 a5 16. Nf4 O-O 17. Rb1 b4 18. axb4 Nxb4 19. Bxb4 Bxb4 20. Re2 Be7 21. Qd3 Rb8 22. Bc2 g6 23. h4 Nxb2 24.
Qe3 Nc4 25. Qd3 Na3 26. Rxb8 Rxb8 27. Ng5 Bb5 28. Qh3 Bxg5 29. Nxe6 fxe6 30. Qxe6+ Qf7 31. Qd6 Rd8 32. Qxa3 Bxe2 33. hxg5 Qc7 34. Bb3 Bc4 35. Bd1 Re8 36. Bg4 Qe7 37. Qxa5 Qxg5 38. Bd7 Rf8 39.
Be6+ Kh8 40. Qc5 Qc1+ 41. Kh2 Qf4+ 42. Kh3 Qxf2 43. Bg4 Qe3+ 44. g3 Bf1+ 45. Kh2 Qf2+ 46. Kh1 Bg2+ 0-1

[Event "*** Titled Tuesday Blitz"]
[Site "Chess.com"]
[Date "2020.03.03"]
[Round "3"]
[White "ChessMavenYeti"]
[Black "Harry_Rakkel"]
[Result "1-0"]
[WhiteElo "2241"]
[BlackElo "2538"]
[TimeControl "180+1"]
[EndTime "13:30:46 PST"]
[Termination "ChessMavenYeti won on time"]

1. d4 Nf6 2. Bf4 b6 3. Nc3 Bb7 4. Qd3 e6 5. e4 Bb4 6. f3 d5 7. e5 Nfd7 8. O-O-O h6 9. Nge2 Nc6 10.
h4 Na5 11. h5 a6 12. a3 Be7 13. Kb1 c5 14. g4 c4 15. Qe3 b5 16. Rg1 Nc6 17. g5 hxg5 18. Bxg5 Rxh5 19. Bxe7 Qxe7 20. Rxg7 O-O-O 21. Nf4 Rh2 22. Be2 b4 23. axb4 Nxb4 24. Rdg1 Nf8 25. Ng6 Nxg6 26. R1xg6 Bc6 27. Rf6 Be8 28.
Qf4 Rh1+ 29. Bd1 Rd7 30. Rg8 Kb7 31. Qg3 Ka7 32. Qg2 Rh4 33. Qg7 Rh1 34. Qf8 Qxf8 35.
Rxf8 Re7 36. Kc1 Kb6 37. f4 Kc7 38. f5 Kd8 39. fxe6 fxe6 40. Ne2 a5 41. Nf4 Na2+ 42.
Kd2 Rh2+ 43. Ke3 Kd7 44. Bg4 c3 45. bxc3 a4 46. Nxd5 1-0

[Event "*** Titled Tuesday Blitz"]
[Site "Chess.com"]
[Date "2020.03.03"]
[Round "3"]
[White "shanemelaughcm"]
[Black "GianmarcoVaR"]
[Result "1/2-1/2"]
[WhiteElo "2284"]
[BlackElo "2557"]
[TimeControl "180+1"]
[EndTime "13:30:48 PST"]
[Termination "Game drawn by repetition"]

1. c4 Nf6 2. Nc3 e5 3. Nf3 Nc6 4. e4 Bb4 5. d3 d6 6. Be2 a5 7. O-O h6 8. Be3 O-O 9. a3 Bxc3 10. bxc3 Bg4 11. Ne1 Bxe2 12. Qxe2 a4 13. f4 exf4 14. Bxf4 Re8 15. Qf2 Ne5 16. h3 Qe7 17. Rb1 b6 18. Bxh6 Nxe4 19. dxe4 gxh6 20. Nf3 Ra5 21. Nd4 Kh8 22. Qe2 Rg8 23. Rf5 Rg6 24. Rbf1 Ra8 25. Rh5 Rag8 26. Nf5 Rxg2+ 27. Qxg2 Rxg2+ 28. Kxg2 Qd7 29. Rxh6+ Kg8 30. Kh2 Ng6 31. Rg1 Qe8 32. Rg4 Qe5+ 33. Kg2 Kf8 34. h4 Qxc3 35. h5 Qd2+ 36. Kh3 Qd3+ 37. Kg2 Qc2+ 38. Kg3 Qc3+ 39. Kg2 Qc2+ 40. Kh3 Qd3+ 41. Kg2 Qc2+ 1/2-1/2

[Event "*** Titled Tuesday Blitz"]
[Site "Chess.com"]
[Date "2020.03.03"]
[Round "3"]
[White "AndreyNeves"]
[Black "Everyfishknows"]
[Result "0-1"]
[WhiteElo "2202"]
[BlackElo "2415"]
[TimeControl "180+1"]
[EndTime "13:30:48 PST"]
[Termination "Everyfishknows won by checkmate"]

1. d4 Nf6 2. c4 e6 3. Nc3 Bb4 4. e3 O-O 5. Ne2 d5 6. a3 Be7 7. cxd5 exd5 8. Nf4 c6 9. Bd3 Nbd7 10. O-O Re8 11. Qc2 Bd6 12. Bd2 Nf8 13. b4 Ne6 14.
Nce2 Qc7 15. g3 Ng5 16. f3 h6 17. Rac1 Bd7 18. Bf5 Bxf5 19. Qxf5 Qd7 20. Qxd7 Nxd7 21. Kg2 Nb6 22. h4 Ne6 23. Nxe6 Rxe6 24. Kf2 Nc4 25. Rfd1 Rae8 26. Rxc4 dxc4 27. e4 b5 28. Bc3 Bc7 29.
d5 cxd5 30. Rxd5 a6 31. h5 Rd8 32. Rxd8+ Bxd8 33. Nf4 Rd6 34. Nd5 f5 35. Ke3 Kf7 36. Be5 Rd7 37. Kd4 Ke6 38. Kc5 Kxe5 39. f4+ Kxe4 40. Nb6 Bxb6+ 41. Kxb6 Rd3 42. Kc6 Rxa3 43.
Kb6 c3 44. Kc5 c2 45. Kb6 c1=Q 46. Ka7 Rc3 47. g4 Rc7+ 48. Kxa6 Qc6+ 49. Ka5 Ra7# 0-1

[Event "*** Titled Tuesday Blitz"]
[Site "Chess.com"]
[Date "2020.03.03"]
[Round "3"]
[White "Maili15"]
[Black "earling8018"]
[Result "1-0"]
[WhiteElo "2330"]
[BlackElo "2018"]
[TimeControl "180+1"]
[EndTime "13:30:48 PST"]
[Termination "Maili15 won on time"]

1. d4 d5 2. c4 e6 3. Nc3 Nf6 4. cxd5 exd5 5. Bg5 Be7 6. e3 O-O 7. Bd3 Nbd7 8. Qc2 c6 9. Nf3 Re8 10. O-O Nf8 11. h3 Ng6 12. Rab1 Ne4 13. Bxe7 Qxe7 14.
b4 Nh4 15. Nxh4 Qxh4 16. Rfe1 Re6 17. Bf1 Rg6 18. Nxe4 dxe4 19. Kh2 Bxh3 20. g3 Qh5 21. Bxh3 Rh6 22. Qxe4 Qxh3+ 23. Kg1 f5 24. Qf3 Re8 25.
b5 cxb5 26. Rxb5 Rc8 27. Rxb7 Qh2+ 28. Kf1 Qh1+ 29. Qxh1 Rxh1+ 30. Ke2 Rc2+ 31. Kd3 Rxe1 32. Kxc2 Re2+ 33. Kb3 a5 34. Rb5 a4+ 35. Ka3 Rxf2 36. Ra5 Rf3 37. Kxa4 Rxe3 38. Rxf5 Rxg3 39. Kb4 g6 40.
Re5 h5 41. a4 h4 42. a5 h3 43. Re1 1-0

[Event "*** Titled Tuesday Blitz"]
[Site "Chess.com"]
[Date "2020.03.03"]
[Round "3"]
[White "MathiasWomacka"]
[Black "HouseOfDurin"]
[Result "1-0"]
[WhiteElo "2398"]
[BlackElo "2088"]
[TimeControl "180+1"]
[EndTime "13:30:49 PST"]
[Termination "MathiasWomacka won by resignation"]

1. e4 c5 2. Nf3 Nc6 3. d4 cxd4 4. Nxd4 e5 5. Nb5 d6 6. c4 Be6 7. N1c3 a6 8. Na3 Rc8 9. Be2 Nf6 10. O-O Be7 11. Be3 O-O 12. Qd2 Na5 13. b3 Ng4 14.
Bxg4 Bxg4 15. Nd5 Nc6 16. f3 Be6 17. Rfd1 Bxd5 18. Qxd5 Qa5 19. Qxa5 Nxa5 20. Bb6 Nc6 21. Nc2 Bd8 22. Bf2 Ba5 23. Rxd6 Rfd8 24. Rad1 Bc7 25. Rxd8+ Rxd8 26. Rxd8+ Bxd8 27. Kf1 f6 28. c5 Kf7 29.
Ke2 Ke6 30. Kd3 h5 31. b4 g5 32. Kc4 f5 33. exf5+ Kxf5 34. Ne3+ Ke6 35. Nd5 Ne7 36. Nxe7 Bxe7 37. a4 Kf5 38. Kd5 g4 39. Be3 gxf3 40.
gxf3 h4 41. h3 Bf8 42. b5 axb5 43. axb5 Be7 44. c6 bxc6+ 45. bxc6 Bd8 46. Kd6 e4 47. f4 Ba5 48. c7 Bxc7+ 49. Kxc7 Ke6 50. Kc6 Kf6 51. Kd5 Kf5 52. Kd4 Kf6 53. Kxe4 Ke6 54. Bd4 Kf7 1-0

[Event "*** Titled Tuesday Blitz"]
[Site "Chess.com"]
[Date "2020.03.03"]
[Round "3"]
[White "Shant_Sargsyan"]
[Black "rogapa"]
[Result "1-0"]
[WhiteElo "3001"]
[BlackElo "2728"]
[TimeControl "180+1"]
[EndTime "13:30:51 PST"]
[Termination "Shant_Sargsyan won by resignation"]

1. d4 Nf6 2. Nf3 g6 3. g3 Bg7 4. Bg2 O-O 5. c4 d6 6. Nc3 Nbd7 7. O-O e5 8. h3 Re8 9. e4 exd4 10. Nxd4 Nc5 11.
Re1 a5 12. Nb3 Nfd7 13. Nxc5 Nxc5 14. Qc2 c6 15. Be3 Be6 16. b3 Qf6 17. Rac1 Na6 18. Qd2 Qe7 19. f4 Qc7 20. Kh2 f5 21.
exf5 gxf5 22. Bd4 Nc5 23. Bxg7 Kxg7 24. Rcd1 Rad8 25. Ne2 Bf7 26. Nd4 Rxe1 27. Rxe1 Qd7 28. Qxa5 Bg6 29. Qc3 Kg8 30. h4 Ra8 31. Qc2 Qf7 32.
Nf3 h6 33. Nd2 Qf6 34. b4 Ne6 35. Nf3 Bh5 36. Qd2 Bxf3 37. Bxf3 Nd4 38. Bg2 Kg7 39. b5 Ra3 40. Re3 Ra4 41. bxc6 bxc6 42. Rc3 c5 43. Bd5 h5 44. Re3 Kh6 45. Re8 Rb4 46. Kh3 Qg6 47. Rh8+ Kg7 48. Rg8+ Kh7 49. Rxg6 Kxg6 50. Qe1 Rb2 51.
Qe8+ Kh6 52. Qh8+ Kg6 53. Qg8+ Kh6 54. Qg5+ 1-0

[Event "*** Titled Tuesday Blitz"]
[Site "Chess.com"]
[Date "2020.03.03"]
[Round "3"]
[White "Maikrosoft63"]
[Black "Supernotar"]
[Result "0-1"]
[WhiteElo "2573"]
[BlackElo "2792"]
[TimeControl "180+1"]
[EndTime "13:30:51 PST"]
[Termination "Supernotar won on time"]

1. e4 c6 2. d4 d5 3. exd5 cxd5 4. Bf4 Nc6 5. c3 Bf5 6. Nd2 e6 7. Ngf3 Bd6 8. Bxd6 Qxd6 9. Nh4 Bg6 10. Nxg6 hxg6 11. g3 Nf6 12. Bd3 O-O 13. f4 Ne7 14. O-O Nf5 15.
Qe2 Rab8 16. Nf3 a6 17. a4 Qc7 18. Ne5 Nd6 19. g4 b5 20. axb5 axb5 21. f5 gxf5 22. gxf5 Nxf5 23. Bxf5 exf5 24. Rxf5 Ne4 25. Kh1 Rb6 26. Rg1 Rh6 27. Qe3 Qd6 28. Qf4 Qe6 29.
Ng4 Rg6 30. h4 f6 31. Nh6+ Kh7 32. Rxg6 Kxg6 33. h5+ Kh7 34. Ng4 Ng3+ 35. Qxg3 Qxf5 36. h6 Qf1+ 37. Kh2 Re8 38. Ne5 Qe2+ 39. Kg1 g5 40. Nf3 Kxh6 41. Qh3+ Kg6 42. Qg3 Re3 0-1

[Event "*** Titled Tuesday Blitz"]
[Site "Chess.com"]
[Date "2020.03.03"]
[Round "3"]
[White "VeraNebolsina"]
[Black "black_pawn_16"]
[Result "0-1"]
[WhiteElo "2347"]
[BlackElo "2181"]
[TimeControl "180+1"]
[EndTime "13:30:54 PST"]
[Termination "black_pawn_16 won on time"]

1. e4 c5 2. Nc3 Nc6 3. Bb5 Nd4 4. Nf3 Nxb5 5. Nxb5 g6 6. d4 a6 7. Nc3 cxd4 8.
Qxd4 f6 9. e5 Bg7 10. O-O fxe5 11. Nxe5 d6 12. Qa4+ b5 13. Nxb5 axb5 14. Qxa8 Bxe5 15.
a4 bxa4 16. Rxa4 d5 17. Ra7 Nf6 18. Qc6+ Bd7 19. Qa6 O-O 20. Bh6 Re8 21. Qe2 Bd6 22. c3 Qb6 23. Rxd7 Nxd7 24. Qe6+ Kh8 25. Qxd7 Rg8 26.
Kh1 Qxb2 27. Qe6 Qxc3 28. Qxd5 Qe5 29. Qxe5+ Bxe5 30. Re1 Bf6 31. Be3 Rc8 32. g3 Kg8 33. Kg2 Kf7 34. h4 h5 35. Rd1 Rc2 36. Rb1 Be5 37.
Kf3 Bd6 38. Rb6 Rc3 39. Rb7 Rd3 40. Ke4 Rd1 41. Kf3 Rd5 42. Ke4 Rf5 43. f3 Ra5 44. f4 Ra4+ 45. Kf3 Ra3 46. Kf2 Rd3 47. Rb5 Rd1 48. Rg5 Kf6 49. Ke2 Rb1 50. f5 gxf5 51. Rxh5 Bxg3 52. Bg5+ Ke5 53. Bxe7 Ke4 54. Rh6 Rb2+ 55. Kf1 f4 56. Re6+ Kf3 0-1

[Event "*** Titled Tuesday Blitz"]
[Site "Chess.com"]
[Date "2020.03.03"]
[Round "3"]
[White "TigrVShlyape"]
[Black "ShahMatKanal"]
[Result "1-0"]
[WhiteElo "2884"]
[BlackElo "2493"]
[TimeControl "180+1"]
[EndTime "13:30:55 PST"]
[Termination "TigrVShlyape won on time"]

1. d4 d5 2. Nf3 Nf6 3. Bf4 g6 4. e3 Bg7 5. Be2 O-O 6. h3 b6 7. O-O Ba6 8. a4 c5 9. c3 Qc8 10. Nbd2 Nbd7 11. b4 Bxe2 12. Qxe2 cxb4 13. cxb4 Qb7 14.
a5 Rac8 15. a6 Qa8 16. Rfc1 Rxc1+ 17. Rxc1 Rc8 18. Qf1 Ne8 19. b5 e6 20. Nb3 Bf8 21. Ne5 Nxe5 22. dxe5 Qb8 23. Nd4 Rxc1 24. Qxc1 Qc7 25.
Qc6 Qe7 26. Kh2 g5 27. Bg3 h5 28. h4 gxh4 29. Bf4 Nc7 30. Qb7 Ne8 31. Qxe7 Bxe7 32. Nc6 Kf8 33. Nxa7 Nc7 34. Nc6 Nxb5 35. a7 Nxa7 36.
Nxa7 Ke8 37. Kg1 Kd7 38. Kf1 Kc7 39. Ke2 Kb7 40. Nb5 Kc6 41. Nd4+ Kc5 42. Kd3 b5 43. Nf3 Kb4 44. Nd4 Ka4 45. Kc3 b4+ 46. Kb2 Bd8 47. Bh6 Be7 48. Nc6 Bc5 49. Bg5 Kb5 50. Nd4+ Kc4 51.
Nb3 Bf8 52. Kc2 Bg7 53. f4 Bf8 54. Bxh4 Bg7 55. Be7 Bh6 56. g3 Bg7 57. Nd2+ Kb5 58. Kb3 Bh6 59. Nf3 Bg7 60. Ng5 Bh6 61. Nxf7 1-0

[Event "*** Titled Tuesday Blitz"]
[Site "Chess.com"]
[Date "2020.03.03"]
[Round "3"]
[White "Firouzja2003"]
[Black "temus_galaktionov"]
[Result "1-0"]
[WhiteElo "3064"]
[BlackElo "2752"]
[TimeControl "180+1"]
[EndTime "13:30:57 PST"]
[Termination "Firouzja2003 won by resignation"]

1. h4 c6 2. e4 g6 3. h5 Bg7 4. d4 Qb6 5. Nf3 d6 6. h6 Bf6 7. e5 dxe5 8. dxe5 Bxe5 9. Nxe5 Qa5+ 10. Bd2 Qxe5+ 11. Be2 Nf6 12. Bc3 Qc7 13. Qd4 Be6 14. Nd2 Nbd7 15. O-O-O c5 16. Qh4 O-O-O 17. Nc4 Rhe8 18.
Ba5 b6 19. Bc3 Nd5 20. Bd2 Nb4 21. Bf4 Qb7 22. a3 Nc6 23. Rhe1 Nd4 24. Bd3 f6 25.
Bh2 Bxc4 26. Bxc4 e5 27. c3 Nf5 28. Qg4 Nxh6 29. Qh3 Nf5 30. Bd5 Qc7 31. Qxh7 Rh8 32. Qxg6 Ne7 33. Qe4 Nxd5 34. Rxd5 Rxh2 35. Red1 Rhh8 36.
Rxd7 Rxd7 37. Qa8+ Qb8 38. Qxb8+ Kxb8 39. Rxd7 Rh2 40. Rg7 f5 41. Kd2 f4 42. Ke2 e4 43.
Rg4 e3 44. fxe3 fxe3 45. Rg7 Rh1 46. Kxe3 Rb1 47. g4 Rxb2 48. g5 Rb3 49. Kd3 Rxa3 50. g6 Ra1 51. Rf7 Rd1+ 52. Kc2 Rg1 53. g7 Rg2+ 54.
Kb3 b5 55. Rf8+ Kb7 56. g8=Q Rxg8 57. Rxg8 a6 58. Rg6 Ka7 59. Rc6 c4+ 60. Kb4 Kb7 61.
Rh6 Ka7 62. Ka5 1-0

[Event "*** Titled Tuesday Blitz"]
[Site "Chess.com"]
[Date "2020.03.03"]
[Round "3"]
[White "TST2014"]
[Black "Grandmaster1369"]
[Result "1-0"]
[WhiteElo "2593"]
[BlackElo "2334"]
[TimeControl "180+1"]
[EndTime "13:31:00 PST"]
[Termination "TST2014 won on time"]

1. d4 Nf6 2. c4 e6 3. Nf3 Bb4+ 4. Bd2 Qe7 5. g3 Nc6 6. Bg2 Bxd2+ 7. Nbxd2 O-O 8. O-O d6 9. e4 e5 10. d5 Nb8 11. b4 a5 12. a3 Na6 13. Qb3 c6 14. Ne1 Bg4 15. f3 Bd7 16. Nd3 cxd5 17. exd5 Bf5 18.
Ne4 Bxe4 19. fxe4 Rfc8 20. Rac1 h5 21. h3 Qc7 22. Kh2 Qb6 23. Qd1 Qe3 24. Rf3 Qg5 25. Rf5 Qe3 26. Qf1 axb4 27. axb4 Qh6 28. c5 Nb8 29.
cxd6 Nbd7 30. Rc7 Rd8 31. Nxe5 Nxe5 32. Rxe5 Ra2 33. Ree7 Ng4+ 34. hxg4 hxg4+ 35. Kg1 Qe3+ 36. Kh1 Qh6+ 37. Bh3 Kh7 38. Rxf7 gxh3 39. Rxg7+ Qxg7 40. Qf5+ Kh6 41. Qxh3+ 1-0

[Event "*** Titled Tuesday Blitz"]
[Site "Chess.com"]
[Date "2020.03.03"]
[Round "3"]
[White "ChainsOfFantasia"]
[Black "Art_Vandelay1980"]
[Result "0-1"]
[WhiteElo "2550"]
[BlackElo "2772"]
[TimeControl "180+1"]
[EndTime "13:31:01 PST"]
[Termination "Art_Vandelay1980 won on time"]

1. d4 d5 2. Nf3 Nf6 3. c4 dxc4 4. e3 e6 5. Bxc4 c5 6. O-O a6 7.
b3 cxd4 8. Nxd4 Be7 9. Bb2 O-O 10. Be2 Bd7 11. Nd2 Nc6 12. Nc4 Nxd4 13. Bxd4 Bc6 14. Bf3 Rc8 15. Nb6 Bxf3 16. Qxf3 Rc6 17. Rfd1 Qc7 18.
Nc4 b5 19. Ne5 Rc2 20. h3 h6 21. a4 b4 22. a5 Nd5 23. Nc4 Bf6 24. e4 Bxd4 25.
Rxd4 Rc3 26. Qd1 Nf4 27. Rd7 Qc5 28. Qg4 Rxb3 29. Nd6 Qc6 30. Rxf7 Rxf7 31. Nxf7 Nxh3+ 32. gxh3 Kxf7 33. Rd1 Rc3 34. Qf4+ Kg6 35. Kh2 Kh7 36. Rg1 Qc7 37. e5 Rc4 38. Qg3 Qd7 39. Qg6+ Kh8 40.
Qg3 Rc8 41. Qb3 Rb8 42. Rg4 Qd5 43. Qg3 Rb7 44. Qf4 Qd8 45. Rh4 b3 46. Rxh6+ gxh6 47. Qxh6+ Kg8 48. Qg6+ Rg7 49. Qxe6+ Kf8 50. Qf5+ Rf7 51.
Qh5 Qd4 0-1

[Event "*** Titled Tuesday Blitz"]
[Site "Chess.com"]
[Date "2020.03.03"]
[Round "3"]
[White "Eloist"]
[Black "nonscitis"]
[Result "0-1"]
[WhiteElo "2290"]
[BlackElo "2580"]
[TimeControl "180+1"]
[EndTime "13:31:06 PST"]
[Termination "nonscitis won on time"]

1. e4 c5 2. Nf3 Nc6 3. Bb5 e6 4. Bxc6 bxc6 5. d3 f6 6. Nh4 Ne7 7. f4 d6 8. O-O g6 9. c4 Bg7 10. Nc3 O-O 11. Be3 f5 12. Nf3 Rb8 13. Qd2 Qa5 14.
Rab1 Bd7 15. e5 Nc8 16. b3 Rb6 17. Na4 Qxd2 18. Bxd2 Rb8 19. exd6 Nxd6 20. Nxc5 Bc8 21. Rfe1 Re8 22. Re2 Nb7 23. Na6 Bd7 24. Nxb8 Rxb8 25. Be3 a5 26. Bd4 Bf8 27. Ne5 Be8 28.
Bc3 Ra8 29. Rbe1 Bc5+ 30. d4 Bf8 31. Nf3 Bd7 32. Ng5 Nd8 33. Kf2 h6 34. Nf3 Nb7 35. Ne5 Be8 36. g4 Nd6 37. h3 a4 38. b4 Bg7 39.
Nf3 Ne4+ 40. Rxe4 fxe4 41. Rxe4 Bd7 42. a3 Rb8 43. Ne5 Be8 44. Ke2 g5 45. fxg5 hxg5 46. Nf3 Bf6 47. Rxe6 Kf7 48. Rxc6 Bxc6 49. d5 Bxc3 50.
dxc6 Bb2 51. b5 Bxa3 52. c7 Re8+ 53. Kd3 Bd6 54. b6 Bxc7 55. bxc7 Rc8 56. Nxg5+ Ke7 57.
Kc3 Rxc7 58. Ne4 a3 59. c5 Ra7 0-1

[Event "*** Titled Tuesday Blitz"]
[Site "Chess.com"]
[Date "2020.03.03"]
[Round "3"]
[White "gena217"]
[Black "M1711"]
[Result "1-0"]
[WhiteElo "3011"]
[BlackElo "2521"]
[TimeControl "180+1"]
[EndTime "13:31:07 PST"]
[Termination "gena217 won by resignation"]

1. a3 b5 2. Nf3 Bb7 3. e3 a6 4. Be2 Nf6 5. O-O e6 6. d4 Be7 7.
Re1 O-O 8. Bd3 d5 9. c3 c5 10.
Nbd2 Nbd7 11. b4 cxb4 12. axb4 Rc8 13. Bb2 Nb6 14. Nb3 Na4 15. Rxa4 bxa4 16. Nc5 Bxc5 17. dxc5 Qe8 18. Bc2 Bc6 19. Ne5 Bb5 20. h3 Nd7 21. c4 dxc4 22. Nxc4 Bxc4 23. Qg4 e5 24. Qxc4 a5 25. Qh4 Nf6 26. Ra1 axb4 27. Qxb4 Qe7 28.
Ba3 Rfd8 29. Qxa4 Nd5 30. Qc4 g6 31. Be4 Nf6 32. Bf3 e4 33. Be2 Qe5 34. Qc1 Rd2 35.
Bf1 Rd7 36. Bb2 Qe7 37. Qc3 Rc6 38. Bb5 Rxc5 39. Qxf6 Qxf6 40. Bxf6 Rdc7 41. Bf1 R5c6 42. Bd4 Rc8 43. g4 h6 44. Kg2 Re6 45. Ra4 g5 46. Bc4 Re7 47. Bd5 Rd8 48. Bf6 Rxd5 49. Bxe7 Re5 50. Bd6 Re6 51. Bc5 Kg7 52. Bd4+ Kg6 53. Ra5 f6 54. Rf5 Kf7 55. Kg3 Kg6 56. h4 Kf7 57. h5 Ke7 58. Ra5 Rc6 59. Ra7+ Ke6 60. Rh7 Rc1 61. Kg2 Rc6 62. Rxh6 Kd5 1-0

[Event "*** Titled Tuesday Blitz"]
[Site "Chess.com"]
[Date "2020.03.03"]
[Round "3"]
[White "Carnivoras"]
[Black "ChadBiryani"]
[Result "0-1"]
[WhiteElo "2664"]
[BlackElo "2451"]
[TimeControl "180+1"]
[EndTime "13:31:09 PST"]
[Termination "ChadBiryani won on time"]

1. d4 Nf6 2. Nf3 d5 3. Bg5 Ne4 4. Bf4 c5 5. e3 Nc6 6. Bd3 Nf6 7. c3 e6 8. Nbd2 Bd6 9. Bg3 O-O 10. Ne5 Bxe5 11.
dxe5 Nd7 12. f4 f6 13. Bh4 Qe8 14. exf6 Nxf6 15. Qe2 e5 16. Bxf6 Rxf6 17. e4 exf4 18.
exd5 Ne5 19. O-O Bg4 20. Qe4 Nxd3 21. Qxd3 Be2 22. Qe4 Bxf1 23. Rxf1 Qf7 24. Re1 b5 25. Nf3 Rd8 26. Ng5 Qg6 27. Qxg6 hxg6 28. Ne4 Rxd5 29.
Nxf6+ gxf6 30. Re2 Kf7 31. Kf2 g5 32. Kf3 f5 33. h4 Rd3+ 34. Kf2 g4 35. Re5 Rd2+ 36. Kf1 Kf6 37. Rxc5 Rxb2 38. Rc6+ Ke5 39. Rc5+ Ke4 40. Rc7 Rxa2 41. h5 f3 42. Re7+ Kf4 43. gxf3 Kxf3 44. Ke1 Rh2 45. Re5 f4 46. Rxb5 g3 0-1

[Event "*** Titled Tuesday Blitz"]
[Site "Chess.com"]
[Date "2020.03.03"]
[Round "3"]
[White "farzadbfd"]
[Black "Slovak_fighter2000"]
[Result "1-0"]
[WhiteElo "2621"]
[BlackElo "2379"]
[TimeControl "180+1"]
[EndTime "13:31:10 PST"]
[Termination "farzadbfd won by resignation"]

1. Nf3 d5 2. b3 Bg4 3. Bb2 Bxf3 4. exf3 Nd7 5. f4 Ngf6 6. g3 e6 7. Bg2 Bd6 8. d3 O-O 9. Nd2 c6 10. Nf3 Qc7 11. O-O e5 12. fxe5 Nxe5 13. Re1 Rfe8 14. Qd2 Nxf3+ 15. Bxf3 Be5 16. d4 Bd6 17. c4 Qd7 18.
Qd3 Rxe1+ 19. Rxe1 Re8 20. Rxe8+ Qxe8 21. cxd5 cxd5 22.
Kg2 h5 23. Qf5 Qe6 24. Qg5 g6 25. Bc1 a6 26. Qh4 Kg7 27. Bg5 Ne4 28. Be3 Be7 29.
Qf4 Bg5 30. Qc7 Bxe3 31. fxe3 Nf6 32. Kf2 Qh3 33. Kg1 h4 34. Qe5 hxg3 35. hxg3 Qe6 36. Kf2 b5 37. g4 Qxe5 38. dxe5 Nd7 39. Bxd5 Nxe5 40. Kg3 Kf6 41. b4 Nd3 42. a3 Nb2 43. Bb7 Nc4 44. Bxa6 Nxa3 45. Kf4 Nc2 46. g5+ Ke7 47.
Bxb5 Nxb4 48. Bc4 Nc6 49. Bd5 Nd8 50. Ke5 Ke8 51. Kf6 Kf8 52. e4 Ke8 53. e5 Kf8 54. e6 fxe6 55. Bxe6 Nc6 56. Kxg6 Ne5+ 57. Kf6 Nc6 58.
g6 Ne7 59. g7+ Ke8 60. Bc4 Kd7 61. Kf7 Kd6 62. Be6 Nc6 63. g8=Q 1-0

[Event "*** Titled Tuesday Blitz"]
[Site "Chess.com"]
[Date "2020.03.03"]
[Round "3"]
[White "champ2005"]
[Black "IgorBjelobrk"]
[Result "1-0"]
[WhiteElo "2979"]
[BlackElo "2719"]
[TimeControl "180+1"]
[EndTime "13:31:11 PST"]
[Termination "champ2005 won by resignation"]

1. c4 e6 2. Nf3 d5 3. g3 Nf6 4.
d4 Bb4+ 5. Bd2 Be7 6. Bg2 O-O 7. O-O Nbd7 8. Qc2 Ne4 9. Nc3 Nxd2 10. Nxd2 c6 11. e4 dxe4 12. Ndxe4 f5 13. Nd2 e5 14. dxe5 Nxe5 15. Rfe1 Qc7 16. Rad1 f4 17. Re4 Bf5 18. Rde1 Bxe4 19. Qxe4 Ng6 20. Nf3 fxg3 21. hxg3 Bc5 22.
Na4 Bb4 23. Re2 Be7 24. Bh3 Rad8 25. Bf5 b5 26. cxb5 cxb5 27. Nc3 Bc5 28. Kg2 Qb6 29.
Nd5 Qd6 30. Be6+ Kh8 31. Ng5 Rde8 32. Qg4 h6 33. Qe4 Rxe6 34. Nxe6 Re8 35. b4 Nf8 36. bxc5 Qxe6 37. Qxe6 Rxe6 38. Rxe6 Nxe6 39. c6 a5 40. c7 Nxc7 41. Nxc7 b4 42. Nd5 Kg8 43.
Kf3 Kf7 44. Ke4 g5 45. g4 Ke6 46. Kd4 Kd6 47. Kc4 Ke5 48. Ne3 Ke4 49. Kb5 Kf3 50. Kxa5 Kxf2 51. Nf5 1-0

[Event "*** Titled Tuesday Blitz"]
[Site "Chess.com"]
[Date "2020.03.03"]
[Round "3"]
[White "SARGISMV"]
[Black "DrMelekess"]
[Result "0-1"]
[WhiteElo "2449"]
[BlackElo "2723"]
[TimeControl "180+1"]
[EndTime "13:31:11 PST"]
[Termination "DrMelekess won by checkmate"]

1. d4 Nf6 2. c4 g6 3. Nc3 Bg7 4. e4 O-O 5. Nf3 d6 6. Be2 e5 7. O-O Nc6 8. d5 Ne7 9. Ne1 Nd7 10. Nd3 f5 11. f3 f4 12. Bd2 g5 13. g4 fxg3 14.
hxg3 Ng6 15. Qc1 g4 16. fxg4 Nf6 17. Nf2 c6 18. Kg2 Bd7 19. Bg5 Rc8 20. Qe3 a6 21. a4 Qa5 22. Rad1 Qb4 23. Rd2 cxd5 24. Nxd5 Nxd5 25. Rxd5 Be6 26. Nd3 Qxa4 27. Rxf8+ Rxf8 28. Rxd6 Bxc4 29. Nc5 Qb5 30. Bxc4+ Qxc4 31. Qb3 Qxb3 32. Nxb3 Rc8 33. Rd2 Bf8 34. Be3 Ba3 35. Rc2 Rxc2+ 36. Kh3 Bxb2 37. Nc5 Bd4 38. Bxd4 exd4 39. Ne6 d3 40. g5 d2 41. Kg4 d1=Q+ 42. Kf5 Qf3+ 43. Nf4 Rc5+ 44. Kf6 Qc3+ 45. Ke6 Qe5+ 46. Kd7 Rc7+ 47. Kd8 Qe7# 0-1

[Event "*** Titled Tuesday Blitz"]
[Site "Chess.com"]
[Date "2020.03.03"]
[Round "3"]
[White "ChesterF"]
[Black "Zubrrr"]
[Result "0-1"]
[WhiteElo "2431"]
[BlackElo "2662"]
[TimeControl "180+1"]
[EndTime "13:31:11 PST"]
[Termination "Zubrrr won by resignation"]

1. d4 f5 2. c4 Nf6 3. Nc3 g6 4. h4 h6 5. Qc2 d6 6. Nh3 e5 7. e3 Nc6 8. d5 Ne7 9. Bd2 Bg7 10. f3 O-O 11. Bd3 c6 12. dxc6 bxc6 13. O-O-O Be6 14. Nf2 Nd7 15. g4 Nc5 16. Be2 Rb8 17.
h5 g5 18. gxf5 Nxf5 19. Rhg1 Qb6 20. Kb1 d5 21. Bc1 d4 22. Nce4 dxe3 23. Nd3 Nxe4 24. fxe4 Nd4 25. Bxe3 Nxc2 26. Bxb6 Na3+ 27. bxa3 Rxb6+ 28. Nb2 Rfb8 29. Rd2 Bf8 30. Ka1 Bc5 31. Rg3 Bd4 32.
Rb3 Rxb3 33. axb3 Rxb3 34. Ka2 Rxb2+ 35. Rxb2 Bxb2 36. Kxb2 Bh3 37. Kc3 g4 38. Kb4 g3 39.
Bf3 g2 40. Bxg2 Bxg2 41. Kc5 Bxe4 42. Kd6 Bf3 43. Kxe5 Bxh5 44. Kd6 Bf3 45. Kc7 h5 46. c5 h4 47. Kb7 a5 48. Ka7 h3 49. Kb6 h2 50.
Kxa5 h1=Q 51. Kb6 Qb1+ 0-1

[Event "*** Titled Tuesday Blitz"]
[Site "Chess.com"]
[Date "2020.03.03"]
[Round "3"]
[White "filali-marouan"]
[Black "popov_m"]
[Result "1-0"]
[WhiteElo "2392"]
[BlackElo "2575"]
[TimeControl "180+1"]
[EndTime "13:31:11 PST"]
[Termination "filali-marouan won by resignation"]

1. e4 g6 2. d4 Bg7 3. Be3 d6 4. f3 a6 5. Bc4 b5 6. Bb3 Bb7 7.
Ne2 c5 8. c3 Nd7 9. O-O Ngf6 10. Nd2 h5 11. Nf4 h4 12. h3 cxd4 13. cxd4 e5 14.
Ne2 Nh5 15. Rc1 exd4 16. Bxd4 Bxd4+ 17. Nxd4 Qb6 18. Nb1 O-O 19. Kh2 d5 20. f4 Ng3 21.
Re1 dxe4 22. Qg4 Qxd4 23. Rcd1 Ne5 24. fxe5 Qxe5 25. Qxg6+ Qg7 26. Qxg7+ Kxg7 27. Rd7 Bc6 28. Rd6 Rac8 29. Nc3 f5 30. Bd5 Bxd5 31. Nxd5 Rfd8 32.
Rxd8 Rxd8 33. Nf4 Rd2 34. Rc1 Rxb2 35. Rc7+ Kf6 36. Rc6+ Ke5 37. Ng6+ Kd4 38. Rxa6 Rb1 39. Nxh4 Nf1+ 40. Kg1 Ne3+ 41. Kf2 Rb2+ 42. Kg3 Nf1+ 43.
Kf4 Rf2+ 44. Kg5 e3 45. Nxf5+ Rxf5+ 46. Kxf5 e2 47. Rd6+ Ke3 48. Re6+ Kf2 49. Rxe2+ Kxe2 50. h4 Kd3 51. g4 Kd4 52. g5 Ng3+ 53. Kg4 Ne4 54.
h5 Ke5 55. h6 Nf2+ 56. Kh5 Ne4 57. h7 Ng3+ 58. Kg6 1-0

[Event "*** Titled Tuesday Blitz"]
[Site "Chess.com"]
[Date "2020.03.03"]
[Round "3"]
[White "mohssenbinaddi"]
[Black "GMsKoRPioN"]
[Result "1-0"]
[WhiteElo "2203"]
[BlackElo "2510"]
[TimeControl "180+1"]
[EndTime "13:31:15 PST"]
[Termination "mohssenbinaddi won by checkmate"]

1. e4 d6 2. d4 g6 3. Nc3 Bg7 4.
f4 Nf6 5. Nf3 c5 6. dxc5 Qa5 7.
Bb5+ Bd7 8. Qe2 dxc5 9. e5 Nd5 10. Bxd7+ Nxd7 11. Bd2 Nb4 12. O-O O-O 13. Nd5 e6 14. Ne7+ Kh8 15. a3 Qd8 16. Nxg6+ fxg6 17. axb4 cxb4 18.
Ng5 h6 19. Ne4 a5 20. Kh1 Qb6 21. Be3 Qc6 22. Nd6 a4 23. Rf3 a3 24. bxa3 bxa3 25.
Qd3 Rf5 26. Nxf5 gxf5 27. Rxa3 Rxa3 28. Qxa3 Qxc2 29. Qe7 Qd1+ 30. Bg1 Bf8 31. Qxe6 Bc5 32. Qxh6+ Kg8 33. Rg3+ Kf7 34. Rg7+ Ke8 35. Qe6+ Kd8 36.
Qxd7+ Qxd7 37. Rxd7+ Kxd7 38. Bxc5 Kc6 39. Bd6 b5 40. h4 Kd5 41. h5 Ke6 42. Kg1 b4 43. Bxb4 Kf7 44. g4 Kg7 45. g5 Kf7 46. Kf2 Kg7 47.
Ke3 Kf7 48. Kd4 Ke6 49. Kc5 Kf7 50. Kd5 Kg7 51. Bd6 Kf7 52. e6+ Ke8 53. Ke5 Kd8 54.
Kxf5 Kc8 55. g6 Kb7 56. h6 Kc6 57. h7 Kd5 58. g7 Kc4 59. g8=Q Kd5 60. h8=Q Kc6 61. e7 Kb7 62. Qb8+ Kc6 63. Qc3+ Kd5 64. Qb5+ Kxd6 65. Qbc6+ Kxe7 66. Qg7+ Kd8 67. Qcd7# 1-0